 Dungeon Crawl Stone Soup version 0.31-a0-854-g362426d53f (webtiles) character file.

Game seed: 7016678930580996694

2295 mortress the Firebug (level 9, 0/99 HPs)
             Began as a Demonspawn Fire Elementalist on Oct 8, 2023.
             Was an Initiate of Makhleb.
             Succumbed to an orc warrior's poison
             ... on level 7 of the Dungeon.
             The game lasted 00:22:52 (6285 turns).

mortress the Firebug (Demonspawn Fire Elementalist) Turns: 6285, Time: 00:22:53

Health: 0/99       AC: 10    Str: 12    XL:     9   Next: 17%
Magic:  5/15       EV: 13    Int: 20    God:    Makhleb [......]
Gold:   57         SH:  0    Dex: 14    Spells: 11/17 levels left

rFire   + . .        r - +10 war axe of Vewoycs {venom, rF+ Str+3}
rCold   . . .        (no shield)
rNeg    . . .        a - +0 robe
rPois   .            o - +0 helmet
rElec   .            z - +2 cloak {rCorr}
rCorr   +            (no gloves)
SInv    .            A - +0 pair of boots
Will    .....        k - amulet of regeneration Stlth
                     (no ring)
HPRegen 1.16/turn    (no ring)
MPRegen 0.14/turn

%: no passive effects
@: berserking, lethally poisoned (0 -> -9), very quick
A: molten scales 2, ignite blood 2, powered by pain 1, weakness stinger 1
a: Renounce Religion


You were on level 7 of the Dungeon.
You worshipped Makhleb.
Makhleb was noncommittal.
You visited 2 branches of the dungeon, and saw 8 of its levels.

You collected 398 gold pieces.
You spent 341 gold pieces at shops.

Inventory:

Hand Weapons
 r - the +10 war axe of Vewoycs (weapon) {venom, rF+ Str+3}
   (You found it on level 2 of the Dungeon)

   Str+3:     It affects your strength (+3).
   rF+:       It protects you from fire.
Missiles
 d - 2 throwing nets
 h - 11 poisoned darts
Armour
 a - a +0 robe (worn)
 o - a +0 helmet (worn)
 z - a +2 cloak of preservation (worn)
 A - a +0 pair of boots (worn)
Jewellery
 k - an amulet of regeneration (around neck)
Wands
 v - a wand of flame (22)
 x - a wand of paralysis (12)
 y - a wand of polymorph (6)
Scrolls
 e - 2 scrolls of amnesia {unknown}
 g - 3 scrolls of summoning {unknown}
 i - a scroll of vulnerability {unknown}
 j - 2 scrolls of identify
 l - a scroll of blinking {unknown}
 m - a scroll of immolation {unknown}
 n - a scroll of torment {unknown}
 p - 4 scrolls of teleportation
 q - 4 scrolls of poison {unknown}
 s - a scroll of revelation {unknown}
 C - a scroll of noise {unknown}
 D - 2 scrolls of enchant weapon {unknown}
Potions
 b - a potion of magic
 c - a potion of heal wounds {unknown}
 f - 3 potions of enlightenment
 t - 3 potions of might
 u - 2 potions of lignification
 w - 4 potions of degeneration
 B - a potion of cancellation {unknown}
 E - a potion of ambrosia
 F - a potion of brilliance
 H - a potion of invisibility
 J - a potion of resistance {unknown}


   Skills:
 + Level 4.3 Fighting
 + Level 3.7 Axes
 + Level 4.5 Dodging
 + Level 4.8 Stealth
 + Level 4.6 Spellcasting
 + Level 4.7 Conjurations
 + Level 5.0 Fire Magic
 + Level 0.1 Invocations
 - Level 0.1 Shapeshifting


You had 11 spell levels left.
You knew the following spells:

 Your Spells              Type           Power      Damage    Failure   Level
a - Foxfire               Conj/Fire      96%        2x1d8     1%          1
b - Scorch                Fire           48%        2d7       2%          2
c - Volatile Blastmotes   Fire/Tloc      28%        2d12      13%         3

Your spell library contained the following spells:

 Spells                   Type           Power      Damage    Failure   Level
 Inner Flame              Hex/Fire       14%        N/A       13%         3
 Dazzling Flash           Conj/Hex       28%        N/A       14%         3
 Flame Wave               Conj/Fire      24%        2d8       16%         4
 Starburst                Conj/Fire      12%        6d5       94%         6
 Simulacrum               Ice/Necr       2%         N/A       100%        6
 Ozocubu's Refrigeration  Ice            2%         4d7       100%        7
 Maxwell's Capacitive Co  Air            2%         ∞         100%        8
 Polar Vortex             Ice            2%         N/A       100%        9


Dungeon Overview and Level Annotations

Branches:
Dungeon (7/15)             Temple (1/1) D:7

Altars:
Ashenzari
Cheibriados
Gozag
Hepliaklqana
Kikubaaqudgha
Makhleb
Qazlal
Ru
Trog
Uskayaw
Wu Jian
Xom

Shops:
D:6 !


Innate Abilities, Weirdness & Mutations

You are mostly covered in molten scales. (AC +3)
Your demonic aura often causes spilled blood to erupt in flames.
You sometimes gain a little power by taking damage.
You have a small tail.


Message History

The boomerang completely misses you.
The orc throws a boomerang.
The boomerang hits you but does no damage.
The orc warrior attacks as it pursues you!
The orc warrior barely misses you.
You see here a vampire mosquito corpse.
The orc warrior attacks as it pursues you!
The orc warrior misses you.
The orc warrior attacks as it pursues you!
The orc warrior hits you from afar with a +2 halberd of venom.
You are poisoned.
You feel sick.
The orc warrior attacks as it pursues you!
The orc warrior hits you from afar with a +2 halberd of venom.
* * * LOW HITPOINT WARNING * * *
You are more poisoned.
You feel very sick.
The orc warrior attacks as it pursues you!
The orc warrior misses you.
You feel very sick.
There is an open door here.
You feel very sick.
You feel sick.
The orc warrior attacks as it pursues you!
The orc warrior misses you.
Okay, then.
Okay, then.
Unknown command.
Okay, then.
A red film seems to cover your vision as you go berserk!
You feel yourself moving faster!
You feel mighty!
You feel sick.
The orc warrior hits you from afar with a +2 halberd of venom!
* * * LOW HITPOINT WARNING * * *
You are lethally poisoned!
You feel a strong urge to attack something.
* * * LOW HITPOINT WARNING * * *
You feel very sick.
You hit the orc warrior.
The orc warrior is poisoned.
The orc warrior is lightly wounded.
You die...

## # ## ##+########### ...#o
#.. #........)...# ....o#
..##............#
#.....###..#............#
#.oO†o##..)...........#
#..###..##..# #.......##
##.#oo.##.# #######<#
##..#o8..#.# #.....#.#
##...#.o.##@###.....#.#####
##.o#.#..##o.##....))......#
##..o#.o.##o#.##.....)#.###.#
#..8.#..##..#.##.....)#.# #.#
##...#.##o.##.##......#.# #.#
##.†###..##..##......#.# #.#
##.....##..###......#.# #.#
###+###..## #......#.# #.#
........#####.)......###.#


You could see an orc warrior (very poisoned), an orc priest and an orc.

Vanquished Creatures
  A shadow (D:5)
  A vampire mosquito (D:7)
  2 water moccasins
  2 ice beasts
  An ogre (D:5)
  3 black bears
  A phantom (D:5)
  2 bullfrogs
  2 scorpions (D:5)
  9 hounds
  A gnoll bouda (D:5)
  An orc priest (D:4)
  Crazy Yiuf (D:4)
  2 jellies (D:6)
  2 orc wizards
  6 iguanas
  A mummy (D:6)
  7 gnolls
  10 adders
  5 worms
  5 dart slugs
  18 orcs
  13 ball pythons
  8 endoplasms
  A giant cockroach (D:1)
  9 goblins
  6 hobgoblins
  7 jackals
  5 quokkas
  6 bats
  9 kobolds
  2 kobold zombies (D:6)
  2 orc zombies (D:6)
  11 rats
162 creatures vanquished.

Vanquished Creatures (others)
  121 foxfires
121 creatures vanquished.

Grand Total: 283 creatures vanquished

Notes
Turn   | Place    | Note
-------+----------+-------------------------------------------
     0 | D:1      | mortress the Demonspawn Fire Elementalist began the quest
                  | for the Orb.
     0 | D:1      | Reached XP level 1. HP: 13/13 MP: 3/3
   368 | D:1      | Gained mutation: Your demonic aura sometimes causes spilled
                  | blood to erupt in flames. [demonic ancestry]
   368 | D:1      | Reached XP level 2. HP: 16/19 MP: 5/5
   684 | D:1      | Reached skill level 3 in Fire Magic
   878 | D:1      | Reached XP level 3. HP: 24/24 MP: 4/6
  1196 | D:2      | Learned a level 2 spell: Scorch
  2002 | D:2      | Gained mutation: You are partially covered in molten
                  | scales. (AC +2) [demonic ancestry]
  2002 | D:2      | Reached XP level 4. HP: 27/31 MP: 4/7
  2059 | D:2      | Identified the +10 war axe of Vewoycs {venom, rF+ Str+3}
  2516 | D:3      | Reached skill level 1 in Fighting
  3061 | D:3      | Gained mutation: Your demonic aura often causes spilled
                  | blood to erupt in flames. [demonic ancestry]
  3061 | D:3      | Reached XP level 5. HP: 37/37 MP: 7/9
  3367 | D:4      | Reached skill level 1 in Axes
  3419 | D:4      | Learned a level 3 spell: Volatile Blastmotes
  3534 | D:4      | Reached XP level 6. HP: 44/44 MP: 10/10
  3960 | D:4      | Found a runed translucent door.
  3961 | D:4      | Noticed Crazy Yiuf
  4062 | D:4      | Killed Crazy Yiuf
  4141 | D:5      | Entered Level 5 of the Dungeon
  4205 | D:5      | Noticed an ice beast
  4219 | D:5      | Killed an ice beast
  4220 | D:5      | Gained mutation: You are mostly covered in molten scales.
                  | (AC +3) [demonic ancestry]
  4220 | D:5      | Reached XP level 7. HP: 29/51 MP: 1/11
  4539 | D:5      | Reached skill level 4 in Fire Magic
  4554 | D:5      | Found a stormy altar of Qazlal.
  4714 | D:5      | Noticed a shadow
  4786 | D:5      | Gained mutation: You have a small tail. [demonic ancestry]
  4786 | D:5      | Reached XP level 8. HP: 58/58 MP: 1/13
  5527 | D:6      | Gained mutation: You sometimes gain a little power by
                  | taking damage. [demonic ancestry]
  5527 | D:6      | Reached XP level 9. HP: 51/65 MP: 7/15
  5770 | D:6      | Found Marekhumn's Distillery.
  5773 | D:6      | Bought a potion of lignification for 33 gold pieces
  5773 | D:6      | Bought a potion of ambrosia for 88 gold pieces
  5773 | D:6      | Bought a potion of brilliance for 44 gold pieces
  5773 | D:6      | Bought a potion of berserk rage for 55 gold pieces
  5773 | D:6      | Bought a potion of invisibility for 88 gold pieces
  5773 | D:6      | Bought a potion of curing for 33 gold pieces
  6015 | D:6      | Found a hazy altar of Hepliaklqana.
  6147 | D:7      | Found a staircase to the Ecumenical Temple.
  6155 | Temple   | Entered the Ecumenical Temple
  6164 | Temple   | Became a worshipper of Makhleb the Destroyer
  6217 | D:7      | Reached skill level 5 in Fire Magic
  6284 | D:7      | HP: 2/99 [poisoned by an orc warrior]
  6285 | D:7      | Succumbed to an orc warrior's poison

Illustrated notes

Levels and vault maps discovered:
D:1:      dpeg_arrival_ratfight, layout_loops_ring, minmay_vboxes
D:2:      layout_basic, nicolae_wormholes
D:3:      layout_loops_cross
D:4:      layout_rooms, serial_corexii_hall, corexii_hall_statues_i,
          chequers_hall_statues_wall_a, uniq_crazy_yiuf_cottage
D:5:      minmay_clustersquares, layout_loops_ring,
          mainiacjoe_overflow_small_starburst, grunt_ministairs_5
D:6:      layout_cave_pools, worldfamousw_hep_ancestral_shrine, serial_shops,
          nicolae_shop_behind_doors, minmay_mini_ossuary
D:7:      minmay_the_grid_octo_triangle [minmay_the_grid_octo_77,
          minmay_the_grid_octo_prize_big_c,
          minmay_the_grid_octo_tetromino_candy], layout_basic,
          mainiacjoe_overflow_tiny_flanked, mainiacjoe_overflow_24_doors,
          temple_fountains, kennysheep_donut
Temple:   hellmonk_temple_two_chambers

Skill      XL: |  1  2  3  4  5  6  7  8  9 |
---------------+----------------------------+-----
Stealth        | 2 3 4 |  4.8
Dodging        | 2 3 4 |  4.5
Fire Magic     | 3 4 5 |  5.0
Fighting       | 1 2 3 4 |  4.3
Conjurations   | 2 3 4 |  4.7
Axes           | 1 2 3 |  3.7
Spellcasting   | 3 4 |  4.6
Invocations    | |  0.1
Shapeshifting  | |  0.1

Action                     |  1- 3 |  4- 6 |  7- 9 || total
---------------------------+-------+-------+-------++-------
  Melee: Whip              |    60 |       |       ||    60
         Unarmed           |     3 |       |       ||     3
         War axe           |       |    82 |    75 ||   157
         Punch             |       |       |     1 ||     1
         Tailslap          |       |       |     5 ||     5
   Cast: Foxfire           |    63 |    15 |     1 ||    79
         Scorch            |       |    28 |    37 ||    65
         Volatile Blastmot |       |       |     6 ||     6
    Use: Scroll            |       |       |     4 ||     4
         Potion            |       |       |     2 ||     2
   Stab: Sleeping          |     4 |     5 |     4 ||    13
         Distracted        |       |       |     1 ||     1
 Armour: Robe              |    58 |    65 |    79 ||   202
  Dodge: Dodged            |    68 |    72 |    68 ||   208
         Form:             |     1 |       |       ||     1
         Beast             |     1 |       |       ||     1

Table legend: (Time is in decaauts)
 A = Elapsed time spent in this place.
 B = Non-inter-level travel time spent in this place.
 C = Inter-level travel time spent in this place.
 D = Time resting spent in this place.
 E = Time spent auto-exploring this place.
 F = Levels seen in this place.
 G = Mean time per level.
                   A        B        C        D        E       F      G
               +--------+--------+--------+--------+--------+-----+--------+
         Total |   6353 |   6184 |    169 |     51 |   4750 |   8 |  794.1 |
       Dungeon |   6335 |   6166 |    169 |     51 |   4750 |   7 |  905.0 |
        Temple |     18 |     18 |      0 |      0 |      0 |   1 |   18.0 |
               +--------+--------+--------+--------+--------+-----+--------+

Top non-repeatable levels by time:
     D:2: 1358 daAuts
     D:5: 1117 daAuts
     D:1: 1090 daAuts
     D:4: 953 daAuts
     D:6: 842 daAuts
     D:3: 780 daAuts
     D:7: 191 daAuts
  Temple: 18 daAuts
